 Dungeon Crawl Stone Soup version 0.26-a0-1107-g6118521029 (webtiles) character file.

Game seed: 4563574250993931867

1505 Dracia the Carver (level 8, -4/56 HPs)
             Began as a Demonspawn Gladiator on Dec 16, 2020.
             Slain by an orc warrior
             ... wielding a +0 mace
              (7 damage)
             ... on level 6 of the Dungeon.
             The game lasted 00:08:23 (7229 turns).

Dracia the Carver (Demonspawn Gladiator)            Turns: 7229, Time: 00:08:24

Health: -4/56      AC: 21    Str: 18    XL:     8   Next: 52%
Magic:  8/8        EV: 10    Int: 12    God:
Gold:   328        SH:  0    Dex: 14    Spells: 4/7 levels left

rFire    x . .     SeeInvis .   a - +0 long sword
rCold    + + .     Faith    .   (no shield)
rNeg     . . .     Spirit   .   n - +0 ice dragon scales
rPois    .         Reflect  .   s - +0 helmet "Ahiun" {Str+3}
rElec    .         Harm     .   q - scarf {+Inv}
rCorr    .         Rampage  .   g - +0 pair of gloves
Will     .....                  e - +0 pair of boots
Stlth    ..........             (no amulet)
HPRegen  0.18/turn              L - ring of flight
MPRegen  0.11/turn              (no ring)

@: lethally poisoned (-4 -> -6), sanguine armour
A: talons 2, screaming 1, MP-powered wands, sanguine armour 2
a: Evoke Invisibility, Evoke Flight


You were on level 6 of the Dungeon.
You visited 1 branch of the dungeon, and saw 6 of its levels.

You collected 328 gold pieces.


Innate Abilities, Weirdness & Mutations

You have razor-sharp toenails.
When seriously injured, your bleeding wounds create thick armour. (AC +9)
You occasionally shout uncontrollably at your foes.
You expend magic power (3 MP) to strengthen your wands.


   Skills:
 - Level 2.0 Fighting
 + Level 10.1 Long Blades
 - Level 1.7 Throwing
 - Level 2.6 Dodging


You had 4 spell levels left.
You knew the following spells:

 Your Spells              Type           Power        Failure   Level
o - Confusing Touch       Hex            #.......     99%         3

Your spell library contained the following spells:

 Spells                   Type           Power        Failure   Level
 Gell's Gravitas          Tloc           #.........   99%         3
 Petrify                  Tmut/Erth      #.......     100%        4
 Metabolic Englaciation   Hex/Ice        #.........   100%        5
 Yara's Violent Unravell  Hex/Tmut       #.........   100%        5

Inventory:

Hand Weapons
 a - a +0 long sword (weapon)
Missiles
 d - 3 throwing nets (quivered) {=f=f}
 l - 32 poisoned darts
Armour
 b - a +0 leather armour
 c - a +0 helmet
 e - a +0 pair of boots (worn)
 g - a +0 pair of gloves (worn)
 k - a +2 helmet
 n - +0 ice dragon scales (worn)
 q - a scarf of invisibility (worn)
 s - the +0 helmet "Ahiun" (worn) {Str+3}
   (You took it off Robin on level 3 of the Dungeon)

   It affects your strength (+3).
 y - a +1 chain mail of fire resistance
Jewellery
 r - the amulet "Yhekhles" {Inacc rC+ Will+}
   (You found it on level 5 of the Dungeon)

   [amulet of inaccuracy]

   It reduces the accuracy of all your attacks.
   It protects you from cold.
   It affects your willpower, your defense against some magical effects.
 L - a ring of flight (left hand)
 T - an uncursed amulet of faith {!P!P}
Wands
 w - a wand of flame (25)
Scrolls
 f - 2 scrolls of random uselessness
 h - 4 scrolls of remove curse {@r2@r2}
 i - 6 scrolls of teleportation {@r4@r4}
 j - 2 scrolls of identify {@r1@r1}
 u - a scroll of immolation {unknown}
Potions
 m - a potion of brilliance

Dungeon Overview and Level Annotations

Branches:
Dungeon (6/15)
 Temple: D:4-7

Altars:
Fedhas
Sif Muna

#..... #.#...................#
#.....##)#.............))....+
#....#................<.....#+
#...))†...................†...
#......#........#.........†.†...
##....##.....####...............
#.............###.........#.....
##......#.##.#.##.......####....
#.......####.so@#........# ....
....................###..# ....
#....?.....###......# #.... ....
....# #.....## .#....... ....
#......# <##.. .. ... #.......#
.. .. .........# ##.........
...........


You could see an orc warrior and a scorpion.


Message History

You see here an adder corpse.
The orc warrior hits you but does no damage.
The scorpion stings you but does no damage.
Unknown command.
It was a potion of might.
You feel very mighty all of a sudden.
* * * LOW HITPOINT WARNING * * *
You feel sick.
The scorpion stings you but does no damage.
Unknown command.
It was a potion of cancellation.
Your magical effects are unravelling.
You feel magically purged.
You feel a little less mighty now.
* * * LOW HITPOINT WARNING * * *
You feel sick.
The orc warrior hits you but does no damage.
The scorpion stings you but does no damage.
* * * LOW HITPOINT WARNING * * *
You feel sick. The orc warrior closely misses you.
* * * LOW HITPOINT WARNING * * *
You feel sick.
* * * LOW HITPOINT WARNING * * *
You feel sick.
There is a stone staircase leading up here.
* * * LOW HITPOINT WARNING * * *
You feel sick.
The orc warrior hits you with a +0 mace!
You die...

Skill      XL: |  1  2  3  4  5  6  7  8 |
---------------+-------------------------+-----
Long Blades    | 3 5 6 7 9 10 | 10.1
Fighting       | |  2.0
Throwing       | |  1.7
Dodging        | |  2.6

Action                   |  1- 3 |  4- 6 |  7- 9 || total
-------------------------+-------+-------+-------++-------
Melee: Long sword        |    78 |   144 |   275 ||   497
  Use: Potion            |       |     2 |     9 ||    11
       Scroll            |       |       |     5 ||     5
 Stab: Sleeping          |     1 |       |       ||     1
Armor: Leather armour    |    30 |    46 |       ||    76
       Chain mail        |       |     5 |    57 ||    62
       Ice dragon scales |       |       |   127 ||   127
Dodge: Dodged            |    57 |    85 |   145 ||   287
       Rpst.: Long sword |    12 |    31 |    39 ||    82

Levels and vault maps discovered:
D:1:      lightli_arrival_maybe_door_vault, layout_loops_ring
D:2:      cheibrodos_old_hovel, layout_loops_ring
D:3:      layout_basic, corexii_item_surrounded_by_moat, uniq_robin
D:4:      layout_layer_cave, gammafunk_temple_overflow_statue,
          minmay_statues_item, abandoned_shop
D:5:      layout_basic
D:6:      layout_cave_pools, kennysheep_mini_moat

Notes
Turn   | Place    | Note
-------+----------+-------------------------------------------
     0 | D:1      | Dracia the Demonspawn Gladiator began the quest for the
                  | Orb.
     0 | D:1      | Reached XP level 1. HP: 16/16 MP: 1/1
   232 | D:1      | Reached skill level 3 in Long Blades
   279 | D:1      | Gained mutation: When seriously injured, your bleeding
                  | wounds create armour. (AC +9) [demonic ancestry]
   279 | D:1      | Reached XP level 2. HP: 22/22 MP: 2/2
  1075 | D:2      | Gained mutation: When seriously injured, your bleeding
                  | wounds create thick armour. (AC +9) [demonic ancestry]
  1075 | D:2      | Reached XP level 3. HP: 27/27 MP: 3/3
  1180 | D:2      | Reached skill level 4 in Long Blades
  1614 | D:3      | Noticed a necrophage
  1631 | D:3      | Killed a necrophage
  1632 | D:3      | Reached skill level 5 in Long Blades
  1632 | D:3      | Reached XP level 4. HP: 25/33 MP: 4/4
  1632 | D:3      | Gained mutation: You have sharp toenails. [demonic
                  | ancestry]
  1632 | D:3      | Reached XP level 5. HP: 29/38 MP: 5/5
  1862 | D:3      | Identified the +0 helmet "Ahiun" {Str+3}
  1862 | D:3      | Noticed Robin
  1906 | D:3      | Killed Robin
  2580 | D:4      | Noticed an ogre
  2623 | D:3      | HP: 3/38 [poisoned by an orc]
  3038 | D:3      | Killed an ogre
  3039 | D:3      | Reached skill level 6 in Long Blades
  3039 | D:3      | Reached XP level 6. HP: 22/44 MP: 6/6
  3802 | D:4      | Found a shimmering blue altar of Sif Muna.
  3914 | D:4      | Found a blossoming altar of Fedhas.
  4445 | D:5      | Entered Level 5 of the Dungeon
  4452 | D:5      | Reached skill level 7 in Long Blades
  4466 | D:4      | Reached XP level 7. HP: 20/50 MP: 7/7
  4656 | D:4      | Gained mutation: You occasionally shout uncontrollably at
                  | your foes. [potion of mutation]
  4656 | D:4      | Gained mutation: You expend magic power (3 MP) to
                  | strengthen your wands. [potion of mutation]
  5503 | D:5      | Got a smoking crystal amulet
  5510 | D:5      | Identified the amulet "Yhekhles" {Inacc rC+ Will+} (You
                  | found it on level 5 of the Dungeon)
  5576 | D:5      | Reached skill level 8 in Long Blades
  6000 | D:5      | Learned a level 3 spell: Confusing Touch
  6032 | D:5      | Reached skill level 9 in Long Blades
  6032 | D:5      | Gained mutation: You have razor-sharp toenails. [demonic
                  | ancestry]
  6032 | D:5      | Reached XP level 8. HP: 50/56 MP: 8/8
  7137 | D:6      | Reached skill level 10 in Long Blades
  7220 | D:6      | HP: 5/56 [poisoned by a scorpion]
  7226 | D:6      | HP: 3/56 [poisoned by a scorpion]
  7229 | D:6      | Slain by an orc warrior

Vanquished Creatures
  An orc warrior (D:4)
  A necrophage (D:3)
  2 ogres
  3 centaurs (D:5)
  A phantom (D:5)
  A bullfrog (D:5)
  A centaur zombie (D:5)
  3 hounds
  3 orc priests
  5 orc wizards
  A bullfrog skeleton (D:5)
  A gnoll shaman (D:5)
  An iguana (D:5)
  5 worker ants
  A hound skeleton (D:5)
  Robin (D:3)
  4 gnolls (D:5)
  A howler monkey skeleton (D:5)
  4 adders
  A shadow imp (D:5)
  An adder zombie (D:5)
  3 worms
  A leopard gecko (D:5)
  20 orcs
  2 ball pythons
  3 giant cockroaches
  11 goblins
  13 hobgoblins
  6 jackals
  A quokka (D:2)
  4 bats
  3 frilled lizards
  A jackal skeleton (D:6)
  4 kobolds
  A quokka skeleton (D:6)
  A quokka zombie (D:5)
  4 rats
120 creatures vanquished.

Vanquished Creatures (others)
  A plant (D:2)
1 creature vanquished.

Grand Total: 121 creatures vanquished

Table legend: (Time is in decaauts)
 A = Elapsed time spent in this place.
 B = Non-inter-level travel time spent in this place.
 C = Inter-level travel time spent in this place.
 D = Time resting spent in this place.
 E = Time spent auto-exploring this place.
 F = Levels seen in this place.
 G = Mean time per level.
                   A        B        C        D        E       F      G
               +--------+--------+--------+--------+--------+-----+--------+
         Total |   7264 |   7004 |    260 |   2346 |   3662 |   6 | 1210.7 |
       Dungeon |   7264 |   7004 |    260 |   2346 |   3662 |   6 | 1210.7 |
               +--------+--------+--------+--------+--------+-----+--------+

Top non-repeatable levels by time:
     D:4: 2411 daAuts
     D:3: 1582 daAuts
     D:5: 1578 daAuts
     D:2: 823 daAuts
     D:1: 746 daAuts
     D:6: 123 daAuts

Table legend:
 A = Non-vault XP
 B = Vault XP
 C = Vault XP percentage of total XP
 D = Non-vault monster count
 E = Vault monster count
 F = Vault count percentage of total count
                 A         B        C        D         E       F
            +---------+---------+-------+---------+---------+-------
      Total |    2114 |      36 |   1.7 |     108 |      12 |  10.0
            +---------+---------+-------+---------+---------+-------
        D:1 |      22 |       0 |   0.0 |      13 |       0 |   0.0
        D:2 |      42 |       2 |   4.5 |       8 |       1 |  11.1
        D:3 |     287 |      34 |  10.6 |      21 |      11 |  34.4
        D:4 |     376 |       0 |   0.0 |      13 |       0 |   0.0
        D:5 |    1193 |       0 |   0.0 |      39 |       0 |   0.0
        D:6 |     194 |       0 |   0.0 |      14 |       0 |   0.0
            +---------+---------+-------+---------+---------+-------
